Blue Jackets vs Senateurs

Created - December 5, 2020 at 20:07

Goals
1 2 3 T
Blue Jackets 0 3 3 6
Senateurs 0 2 3 5
Shots
1 2 3 T
Blue Jackets 6 17 10 33
Senateurs 6 11 17 34

1st period

No Goal

Penalties :
Martin Havlat (Clb) for Holding (Minor) at 5:19, Dalton Prout (Clb) for Elbowing (Minor) at 12:58, Artemi Panarin (Clb) for High sticking (Minor) at 16:15

2nd period

1. Blue Jackets , Devin Setoguchi 4 (Artemi Panarin 11, Tyler Seguin 11) at 0:57
2. Blue Jackets , Devin Setoguchi 5 (Artemi Panarin 12, Tyler Seguin 12) at 1:03 (PP)
3. Senateurs , Phil Kessel 10 (Sidney Crosby 13, Derek Boogaard 6) at 4:00 (PP)
4. Senateurs , Sidney Crosby 8 (Phil Kessel 9) at 6:08
5. Blue Jackets , Tyler Kennedy 5 (Pavel Datsyuk 5, Ryan Wilson 3) at 7:28

Penalties :
Sidney Crosby (Ott) for Holding (Minor) at 1:00, Cody Eakin (Clb) for Tripping (Minor) at 3:53, Brandon Bollig (Clb) for Goalie Interference (Minor) at 9:00, Dalton Prout (Clb) for Cross-checking (Minor) at 12:26, Phil Kessel (Ott) for Boarding (Minor) at 12:46, Dalton Prout (Clb) for Diving (Minor) at 16:42

3rd period

6. Senateurs , Sidney Crosby 9 (Brian McGrattan 3, Denis Grebeshkov 3) at 10:13
7. Senateurs , Colby Armstrong 4 (Denis Grebeshkov 4, Sergei Kostitsyn 3) at 13:41
8. Blue Jackets , Max Pacioretty 4 (Martin Havlat 9, Peter Mueller 7) at 14:40 (PP)
9. Blue Jackets , Artemi Panarin 11 (Tyler Seguin 13, Devin Setoguchi 13) at 15:01 (PP)
10. Senateurs , Sidney Crosby 10 (Phil Kessel 10, Cody Franson 5) at 17:38
11. Blue Jackets , Dalton Prout 2 (Artemi Panarin 13, Tyler Seguin 14) at 19:26

Penalties :
Artemi Panarin (Clb) for Holding (Minor) at 4:51, Sidney Crosby (Ott) for High sticking (Minor) at 14:05, Derek Boogaard (Ott) for Hooking (Minor) at 14:56

Goalie Stats

Rick DiPietro (Clb), 29 saves from 34 shots - (0.853), W, 5-8-1, 60:00 minutes
Jaroslav Halak (Ott), 27 saves from 33 shots - (0.818), L, 5-11-4, 60:00 minutes

Players Stats for Blue Jackets

Player Name              G  A  P  +/- PIM S  H  SB GA TA FO     MP     PP MP  PK MP  
------------------------------------------------------------------------------------
Andreas Nodl             0  0  0   0  0   3  0  0  0  0  0/0     6:25   0:00   0:00 
Artemi Panarin           1  3  4   2  4   8  5  0  1  2  1/3    22:48   0:32   4:58 
Brandon Bollig           0  0  0   0  2   0  2  0  0  0  0/0     6:41   0:00   0:09 
Branislav Mezei          0  0  0   1  0   0  0  0  0  0  0/0     9:30   0:16   0:10 
Cam Fowler               0  0  0  -4  0   1  2  2  0  4  0/0    30:36   0:47   7:22 
Cody Eakin               0  0  0   0  2   0  0  0  0  0  2/2     7:57   0:00   1:16 
Dalton Prout             1  0  1   2  6   2  0  0  0  2  0/0    17:46   0:16   3:21 
Devin Setoguchi          2  1  3   2  0   3  3  1  0  0  1/2    16:12   0:32   0:00 
Eric Wellwood            0  0  0  -1  0   0  0  0  0  0  0/0    13:47   0:00   2:57 
Martin Havlat            0  1  1  -2  2   0  1  0  1  0  0/0    11:14   0:15   0:00 
Max Pacioretty           1  0  1  -2  0   2  0  0  0  0  0/0    17:42   0:31   5:00 
Mike Lundin              0  0  0  -4  0   0  3  3  1  0  0/0    30:36   0:47   7:22 
Pavel Datsyuk            0  1  1  -1  0   4  1  1  0  0  5/8    10:56   0:00   0:06 
Peter Mueller            0  1  1  -2  0   2  1  1  0  2  3/7    15:41   0:31   3:09 
Rob Scuderi              0  0  0   2  0   0  0  2  0  1  0/0    20:34   0:16   4:59 
Ryan Wilson              0  1  1   1  0   0  2  0  0  2  0/0    11:56   0:00   1:28 
Tyler Kennedy            1  0  1  -1  0   3  0  0  1  0  0/0    10:47   0:00   0:00 
Tyler Seguin             0  4  4   2  0   5  1  0  1  2  23/48  24:44   0:32   7:07 

Players Stats for Senateurs

Player Name              G  A  P  +/- PIM S  H  SB GA TA FO     MP     PP MP  PK MP  
------------------------------------------------------------------------------------
Arturs Kulda             0  0  0  -1  0   0  2  1  0  1  0/0     9:07   0:00   0:00 
Brian McGrattan          0  1  1   1  0   0  1  0  0  0  0/0     5:35   0:00   0:00 
Cody Franson             0  1  1   2  0   4  1  2  2  0  0/0    28:00   7:42   0:47 
Colby Armstrong          1  0  1   0  0   3  2  0  2  0  0/1    13:11   0:17   0:16 
Denis Grebeshkov         0  2  2   0  0   2  1  0  2  1  0/0    19:41   4:39   0:16 
Derek Boogaard           0  1  1   0  2   0  2  0  0  1  2/2    22:31   6:44   0:16 
Dion Phaneuf             0  0  0   2  0   2  2  2  2  1  0/0    31:12   7:42   0:47 
Duncan Keith             0  0  0   0  0   1  0  2  0  0  0/0    19:41   4:39   0:16 
Evgeni Malkin            0  0  0   0  0   4  3  1  1  0  5/11   20:35   5:31   0:47 
Jamie Benn               0  0  0   0  0   0  2  0  1  0  1/1    17:29   5:31   0:00 
Marek Svatos             0  0  0   0  0   1  1  0  0  1  0/1    17:29   5:31   0:00 
Mark Giordano            0  0  0   0  0   0  1  0  0  0  0/0     3:12   0:00   0:00 
Matt Moulson             0  0  0   1  0   0  0  0  0  0  0/0     5:35   0:00   0:00 
Maxim Lapierre           0  0  0   0  0   4  0  1  1  0  4/7    12:39   0:11   0:14 
Nate Prosser             0  0  0  -1  0   0  0  1  0  0  0/0     9:07   0:00   0:00 
Phil Kessel              1  2  3   0  2   3  2  1  3  0  0/1    22:08   6:38   0:00 
Sergei Kostitsyn         0  1  1   0  0   2  0  1  1  0  0/2    12:43   0:00   0:24 
Sidney Crosby            3  1  4   1  4   8  0  0  0  0  23/44  27:19   6:39   0:09 

3 Stars

1 - Devin Setoguchi (Clb)
2 - Artemi Panarin (Clb)
3 - Sidney Crosby (Ott)

Power Play

Blue Jackets - 3 on 4 Attempt(s) - 75.00%
Senateurs - 1 on 8 Attempt(s) - 12.50%

Penalty Kill

Blue Jackets - 7 on 8 Attempt(s) - 87.50% - Score 0 goal in Penalty Kill
Senateurs - 1 on 4 Attempt(s) - 25.00% - Score 0 goal in Penalty Kill

Team Stat

Blue Jackets - Hits : 21 - Faceoff Wins : 35 - Blocked Shots : 10 - Penalty Minutes : 16
Senateurs - Hits : 20 - Faceoff Wins : 35 - Blocked Shots : 12 - Penalty Minutes : 8

Official

Referees : Unknown
Linesman : Unknown

Game Notes

Sidney Crosby has scored a Hat Trick!

Finance

Level 1 -- Attendance: 6000 (100.00%) -- Ticket Income $618,000
Level 2 -- Attendance: 3935 (78.70%) -- Ticket Income $267,580
Level 3 -- Attendance: 1689 (84.45%) -- Ticket Income $72,627
Level 4 -- Attendance: 3874 (96.85%) -- Ticket Income $108,472
Luxury Box -- Attendance: 1000 (100.00%) -- Ticket Income $180,000
Game was played at the Place Banque Scotia.
Total Attendance: 16498 (91.66%)
Total Ticket Income: $1,246,679
Other Income: $187,002
Total Income: $1,433,681

Blue Jackets

5 vs 5 Forward 
   Center                   Left Wing                Right Wing               Time % Phy DF OF 
 1 Tyler Seguin             Artemi Panarin           Devin Setoguchi          40     1   2  2  
 2 Peter Mueller            Max Pacioretty           Martin Havlat            30     1   2  2  
 3 Pavel Datsyuk            Eric Wellwood            Tyler Kennedy            20     1   2  2  
 4 Cody Eakin               Brandon Bollig           Andreas Nodl             10     1   2  2  

5 vs 5 Defense 
   Defense                  Defense                                           Time % Phy DF OF 
 1 Cam Fowler               Mike Lundin                                       40     1   2  2  
 2 Dalton Prout             Rob Scuderi                                       30     1   2  2  
 3 Branislav Mezei          Ryan Wilson                                       20     1   2  2  
 4 Cam Fowler               Mike Lundin                                       10     1   2  2  

PowerPlay Forward 
   Center                   Left Wing                Right Wing               Time % Phy DF OF 
 1 Tyler Seguin             Artemi Panarin           Devin Setoguchi          60     1   2  2  
 2 Peter Mueller            Max Pacioretty           Martin Havlat            40     1   2  2  

PowerPlay Defense
   Defense                  Defense                                           Time % Phy DF OF 
 1 Cam Fowler               Mike Lundin                                       60     1   2  2  
 2 Dalton Prout             Rob Scuderi                                       40     1   2  2  

Penalty Kill 4 Players Forward 
   Center                   Wing                     Time % Phy DF OF 
 1 Tyler Seguin             Artemi Panarin           60     1   2  2  
 2 Max Pacioretty           Peter Mueller            40     1   2  2  

Penalty Kill 4 Players Defense
   Defense                  Defense                  Time % Phy DF OF 
 1 Cam Fowler               Mike Lundin              60     1   2  2  
 2 Dalton Prout             Rob Scuderi              40     1   2  2  

Penalty Kill - 3 Players Forward 
   Forward                                           Time % Phy DF OF 
 1 Tyler Seguin                                      60     1   2  2  
 2 Artemi Panarin                                    40     1   2  2  

Penalty Kill - 3 Players Defense
   Defense                  Defense                  Time % Phy DF OF 
 1 Cam Fowler               Mike Lundin              60     1   2  2  
 2 Dalton Prout             Rob Scuderi              40     1   2  2  

4 vs 4 Forward 
   Center                   Wing                     Time % Phy DF OF 
 1 Tyler Seguin             Artemi Panarin           60     1   2  2  
 2 Max Pacioretty           Peter Mueller            40     1   2  2  

4 vs 4 Defense
   Defense                  Defense                  Time % Phy DF OF 
 1 Cam Fowler               Mike Lundin              60     1   2  2  
 2 Dalton Prout             Rob Scuderi              40     1   2  2  

Last Minutes Offensive
   Center                   Left Wing                Right Wing               Defense                  Defense                  
   Tyler Seguin             Artemi Panarin           Devin Setoguchi          Cam Fowler               Mike Lundin              

Last Minutes Defensive
   Center                   Left Wing                Right Wing               Defense                  Defense                  
   Tyler Seguin             Artemi Panarin           Devin Setoguchi          Cam Fowler               Mike Lundin              

Goaltenders
Starting : Rick DiPietro            
Backup : Andrei Vasilevskiy       

Extra Forwards
Normal : Pavel Datsyuk, Tyler Kennedy, Eric Wellwood - PP : Pavel Datsyuk, Tyler Kennedy - PK : Eric Wellwood
Extra Defensemen
Normal : Branislav Mezei, Ryan Wilson, Dalton Prout - PP : Branislav Mezei - PK : Ryan Wilson, Dalton Prout
Penalty Shots
Tyler Seguin, Artemi Panarin, Max Pacioretty, Peter Mueller, Devin Setoguchi

Scratches
Dennis Wideman (Healthy)

Senateurs

5 vs 5 Forward 
   Center                   Left Wing                Right Wing               Time % Phy DF OF 
 1 Sidney Crosby            Derek Boogaard           Phil Kessel              40     1   2  2  
 2 Evgeni Malkin            Jamie Benn               Marek Svatos             30     1   2  2  
 3 Maxim Lapierre           Sergei Kostitsyn         Colby Armstrong          20     1   2  2  
 4 Sidney Crosby            Matt Moulson             Brian McGrattan          10     1   2  2  

5 vs 5 Defense 
   Defense                  Defense                                           Time % Phy DF OF 
 1 Dion Phaneuf             Cody Franson                                      40     1   2  2  
 2 Duncan Keith             Denis Grebeshkov                                  30     1   2  2  
 3 Nate Prosser             Arturs Kulda                                      20     1   2  2  
 4 Mark Giordano            Dion Phaneuf                                      10     1   2  2  

PowerPlay Forward 
   Center                   Left Wing                Right Wing               Time % Phy DF OF 
 1 Sidney Crosby            Derek Boogaard           Phil Kessel              60     1   2  2  
 2 Evgeni Malkin            Jamie Benn               Marek Svatos             40     1   2  2  

PowerPlay Defense
   Defense                  Defense                                           Time % Phy DF OF 
 1 Dion Phaneuf             Cody Franson                                      60     1   2  2  
 2 Duncan Keith             Denis Grebeshkov                                  40     1   2  2  

Penalty Kill 4 Players Forward 
   Center                   Wing                     Time % Phy DF OF 
 1 Sidney Crosby            Evgeni Malkin            60     1   2  2  
 2 Phil Kessel              Derek Boogaard           40     1   2  2  

Penalty Kill 4 Players Defense
   Defense                  Defense                  Time % Phy DF OF 
 1 Dion Phaneuf             Cody Franson             60     1   2  2  
 2 Duncan Keith             Denis Grebeshkov         40     1   2  2  

Penalty Kill - 3 Players Forward 
   Forward                                           Time % Phy DF OF 
 1 Sidney Crosby                                     60     1   2  2  
 2 Evgeni Malkin                                     40     1   2  2  

Penalty Kill - 3 Players Defense
   Defense                  Defense                  Time % Phy DF OF 
 1 Dion Phaneuf             Cody Franson             60     1   2  2  
 2 Duncan Keith             Denis Grebeshkov         40     1   2  2  

4 vs 4 Forward 
   Center                   Wing                     Time % Phy DF OF 
 1 Sidney Crosby            Evgeni Malkin            60     1   2  2  
 2 Phil Kessel              Derek Boogaard           40     1   2  2  

4 vs 4 Defense
   Defense                  Defense                  Time % Phy DF OF 
 1 Dion Phaneuf             Cody Franson             60     1   2  2  
 2 Duncan Keith             Denis Grebeshkov         40     1   2  2  

Last Minutes Offensive
   Center                   Left Wing                Right Wing               Defense                  Defense                  
   Sidney Crosby            Derek Boogaard           Phil Kessel              Dion Phaneuf             Cody Franson             

Last Minutes Defensive
   Center                   Left Wing                Right Wing               Defense                  Defense                  
   Sidney Crosby            Derek Boogaard           Phil Kessel              Dion Phaneuf             Cody Franson             

Goaltenders
Starting : Jaroslav Halak           
Backup : Jonas Hiller             

Extra Forwards
Normal : Colby Armstrong, Maxim Lapierre, Sergei Kostitsyn - PP : Colby Armstrong, Maxim Lapierre - PK : Sergei Kostitsyn
Extra Defensemen
Normal : Nate Prosser, Arturs Kulda, Mark Giordano - PP : Nate Prosser - PK : Arturs Kulda, Mark Giordano
Penalty Shots
Sidney Crosby, Evgeni Malkin, Phil Kessel, Derek Boogaard, Marek Svatos

Scratches
Stephane Da Costa (Sprained Right Knee Injury)

% Time on Ice - Blue Jackets

Lines # - Real PCT - Wanted PCT - Time Play
Normal Forward
1 - 36% - 40% - 15:58
2 - 27% - 30% - 11:47
3 - 23% - 20% - 10:14
4 - 14% - 10% - 6:25
Normal Defense
1 - 43% - 40% - 19:02
2 - 34% - 30% - 15:05
3 - 20% - 20% - 8:50
4 - 3% - 10% - 1:27
PP Forward
1 - 51% - 60% - 0:32
2 - 49% - 40% - 0:31
PP Defense
1 - 75% - 60% - 0:47
2 - 25% - 40% - 0:16
PK Forward
1 - 74% - 60% - 9:12
2 - 26% - 40% - 3:09
PK Defense
1 - 60% - 60% - 7:22
2 - 40% - 40% - 4:59
PK3 Forward
1 - 0% - 60%
2 - 0% - 40%
PK3 Defense
1 - 0% - 60%
2 - 0% - 40%
44 Forward
1 - 86% - 60% - 1:25
2 - 14% - 40% - 0:14
44 Defense
1 - 86% - 60% - 1:25
2 - 14% - 40% - 0:14
Last Minute Offensive  - 0:00
Last Minute Defensive  - 0:33
Total
Forward - 60:00
Defense - 60:00

% Time on Ice - Senateurs

Lines # - Real PCT - Wanted PCT - Time Play
Normal Forward
1 - 34% - 40% - 14:58
2 - 27% - 30% - 11:58
3 - 27% - 20% - 11:53
4 - 13% - 10% - 5:35
Normal Defense
1 - 40% - 40% - 17:41
2 - 32% - 30% - 14:24
3 - 21% - 20% - 9:07
4 - 7% - 10% - 3:12
PP Forward
1 - 55% - 60% - 6:50
2 - 45% - 40% - 5:31
PP Defense
1 - 62% - 60% - 7:42
2 - 38% - 40% - 4:39
PK Forward
1 - 75% - 60% - 0:47
2 - 25% - 40% - 0:16
PK Defense
1 - 75% - 60% - 0:47
2 - 25% - 40% - 0:16
PK3 Forward
1 - 0% - 60%
2 - 0% - 40%
PK3 Defense
1 - 0% - 60%
2 - 0% - 40%
44 Forward
1 - 87% - 60% - 1:26
2 - 13% - 40% - 0:13
44 Defense
1 - 78% - 60% - 1:17
2 - 22% - 40% - 0:22
Last Minute Offensive  - 0:33
Last Minute Defensive  - 0:00
Total
Forward - 60:00
Defense - 60:00

Play-by-Play

1st period


0:01 of 1st period - Sidney Crosby wins face-off versus Tyler Seguin in neutral zone.
0:08 of 1st period - Wrist shot by Sidney Crosby.
0:08 of 1st period - Stopped by Rick DiPietro with a rebound.
0:26 of 1st period - Mike Lundin is hit by Marek Svatos and loses puck.
1:09 of 1st period - Duncan Keith is hit by Brandon Bollig and loses puck.
1:33 of 1st period - Denis Grebeshkov is hit by Artemi Panarin and loses puck.
2:52 of 1st period - Snap shot by Andreas Nodl.
2:52 of 1st period - Stopped by Jaroslav Halak with a rebound.
3:44 of 1st period - Mark Giordano is hit by Devin Setoguchi and loses puck.
4:09 of 1st period - Mike Lundin is hit by Arturs Kulda and loses puck.
4:24 of 1st period - Tyler Kennedy is hit by Denis Grebeshkov.
4:41 of 1st period - Wrist shot by Phil Kessel.
4:41 of 1st period - Stopped by Rick DiPietro with a rebound.
4:43 of 1st period - Snap shot by Sidney Crosby.
4:43 of 1st period - Stopped by Rick DiPietro with a rebound.
5:19 of 1st period - Minor Penalty to Martin Havlat for Holding.
5:20 of 1st period - Tyler Seguin wins face-off versus Evgeni Malkin in Blue Jackets zone.
5:28 of 1st period - Off-side.
5:29 of 1st period - Evgeni Malkin wins face-off versus Tyler Seguin in neutral zone.
5:34 of 1st period - Tyler Seguin is hit by Jamie Benn and loses puck.
5:43 of 1st period - Snap shot by Marek Svatos.
5:43 of 1st period - Shot Misses the Net.
5:45 of 1st period - Slapshot by Dion Phaneuf.
5:45 of 1st period - Stopped by Rick DiPietro without a rebound.
5:46 of 1st period - Artemi Panarin wins face-off versus Sidney Crosby in Blue Jackets zone.
5:55 of 1st period - Wrist shot by Tyler Seguin.
5:55 of 1st period - Shot Misses the Net.
6:11 of 1st period - Snap shot by Evgeni Malkin.
6:11 of 1st period - Shot Blocked by Mike Lundin.
6:13 of 1st period - Slapshot by Duncan Keith.
6:13 of 1st period - Stopped by Rick DiPietro with a rebound.
6:15 of 1st period - Slapshot by Duncan Keith.
6:15 of 1st period - Shot Blocked by Cam Fowler.
7:19 of 1st period - Penalty to Martin Havlat is over, Martin Havlat is back on ice.
7:52 of 1st period - Snap shot by Pavel Datsyuk.
7:52 of 1st period - Stopped by Jaroslav Halak with a rebound.
8:06 of 1st period - Sidney Crosby is hit by Ryan Wilson and loses puck.
8:19 of 1st period - Wrist shot by Sidney Crosby.
8:19 of 1st period - Shot Misses the Net.
8:23 of 1st period - Wrist shot by Colby Armstrong.
8:23 of 1st period - Stopped by Rick DiPietro with a rebound.
8:41 of 1st period - Snap shot by Pavel Datsyuk.
8:41 of 1st period - Shot Misses the Net.
9:05 of 1st period - Arturs Kulda is hit by Ryan Wilson and loses puck.
9:14 of 1st period - Sidney Crosby is hit by Mike Lundin and loses puck.
9:27 of 1st period - Marek Svatos is hit by Martin Havlat and loses puck.
9:47 of 1st period - Snap shot by Artemi Panarin.
9:47 of 1st period - Stopped by Jaroslav Halak with a rebound.
10:07 of 1st period - Slapshot by Pavel Datsyuk.
10:07 of 1st period - Stopped by Jaroslav Halak with a rebound.
10:09 of 1st period - Slapshot by Dalton Prout.
10:09 of 1st period - Stopped by Jaroslav Halak with a rebound.
10:11 of 1st period - Slapshot by Eric Wellwood.
10:11 of 1st period - Shot Blocked by Dion Phaneuf.
10:29 of 1st period - Wrist shot by Peter Mueller.
10:29 of 1st period - Shot Blocked by Arturs Kulda.
11:11 of 1st period - Pavel Datsyuk is hit by Colby Armstrong and loses puck.
11:33 of 1st period - Mark Giordano is hit by Artemi Panarin.
12:20 of 1st period - Snap shot by Tyler Kennedy.
12:20 of 1st period - Stopped by Jaroslav Halak without a rebound.
12:21 of 1st period - Maxim Lapierre wins face-off versus Pavel Datsyuk in Senateurs zone.
12:35 of 1st period - Off-side.
12:36 of 1st period - Tyler Seguin wins face-off versus Phil Kessel in neutral zone.
12:39 of 1st period - Phil Kessel is hit by Artemi Panarin and loses puck.
12:58 of 1st period - Minor Penalty to Dalton Prout for Elbowing.
12:59 of 1st period - Tyler Seguin wins face-off versus Sidney Crosby in Blue Jackets zone.
12:59 of 1st period - Tyler Seguin is hit by Derek Boogaard.
13:58 of 1st period - Evgeni Malkin is hit by Tyler Seguin and loses puck.
14:58 of 1st period - Penalty to Dalton Prout is over, Dalton Prout is back on ice.
15:39 of 1st period - Icing by Rob Scuderi.
15:40 of 1st period - Pavel Datsyuk wins face-off versus Evgeni Malkin in Blue Jackets zone.
15:47 of 1st period - Slapshot by Pavel Datsyuk.
15:47 of 1st period - Deflect By Eric Wellwood.
15:47 of 1st period - Shot Misses the Net.
15:47 of 1st period - Puck is out of play.
15:48 of 1st period - Tyler Seguin wins face-off versus Sidney Crosby in Senateurs zone.
15:49 of 1st period - Snap shot by Artemi Panarin.
15:49 of 1st period - Deflect By Tyler Seguin.
15:49 of 1st period - Shot Blocked by Phil Kessel.
15:49 of 1st period - Puck is out of play.
15:50 of 1st period - Sidney Crosby wins face-off versus Tyler Seguin in Senateurs zone.
16:15 of 1st period - Minor Penalty to Artemi Panarin for High sticking.
16:16 of 1st period - Tyler Seguin wins face-off versus Sidney Crosby in Blue Jackets zone.
17:31 of 1st period - Tyler Seguin is hit by Phil Kessel and loses puck.
18:15 of 1st period - Penalty to Artemi Panarin is over, Artemi Panarin is back on ice.
18:59 of 1st period - Arturs Kulda is hit by Artemi Panarin and loses puck.
19:31 of 1st period - Icing by Rob Scuderi.
19:32 of 1st period - Pavel Datsyuk wins face-off versus Sidney Crosby in Blue Jackets zone.
19:44 of 1st period - Icing by Cam Fowler.
19:45 of 1st period - Evgeni Malkin wins face-off versus Tyler Seguin in Blue Jackets zone.
19:58 of 1st period - Wrist shot by Artemi Panarin.
19:58 of 1st period - Shot Misses the Net.
Goals for this period are 0 for Blue Jackets vs 0 for Senateurs.
Shots for this period are 6 for Blue Jackets vs 6 for Senateurs.

2nd period


0:01 of 2nd period - Sidney Crosby wins face-off versus Tyler Seguin in neutral zone.
0:06 of 2nd period - Snap shot by Sidney Crosby.
0:06 of 2nd period - Stopped by Rick DiPietro with a rebound.
0:08 of 2nd period - Slapshot by Sidney Crosby.
0:08 of 2nd period - Stopped by Rick DiPietro with a rebound.
0:10 of 2nd period - Wrist shot by Derek Boogaard.
0:10 of 2nd period - Shot Misses the Net.
0:12 of 2nd period - Slapshot by Cody Franson.
0:12 of 2nd period - Deflect By Devin Setoguchi.
0:12 of 2nd period - Stopped by Rick DiPietro without a rebound.
0:13 of 2nd period - Derek Boogaard wins face-off versus Tyler Seguin in Blue Jackets zone.
0:51 of 2nd period - Slapshot by Max Pacioretty.
0:51 of 2nd period - Stopped by Jaroslav Halak without a rebound.
0:52 of 2nd period - Tyler Seguin wins face-off versus Sidney Crosby in Senateurs zone.
0:57 of 2nd period - Slapshot by Devin Setoguchi.
0:57 of 2nd period - Deflect By Phil Kessel.
0:57 of 2nd period - Goal by Devin Setoguchi - Blue Jackets : 1 - Senateurs : 0.
0:58 of 2nd period - Sidney Crosby wins face-off versus Tyler Seguin in neutral zone.
1:00 of 2nd period - Minor Penalty to Sidney Crosby for Holding.
1:01 of 2nd period - Tyler Seguin wins face-off versus Sergei Kostitsyn in Senateurs zone.
1:01 of 2nd period - Snap shot by Artemi Panarin.
1:01 of 2nd period - Stopped by Jaroslav Halak with a rebound.
1:03 of 2nd period - Slapshot by Devin Setoguchi.
1:03 of 2nd period - Goal by Devin Setoguchi - Blue Jackets : 2 - Senateurs : 0.
1:04 of 2nd period - Sidney Crosby wins face-off versus Tyler Seguin in neutral zone.
1:21 of 2nd period - Off-side.
1:22 of 2nd period - Evgeni Malkin wins face-off versus Peter Mueller in neutral zone.
1:25 of 2nd period - Mike Lundin is hit by Dion Phaneuf and loses puck.
1:38 of 2nd period - Snap shot by Evgeni Malkin.
1:38 of 2nd period - Shot Misses the Net.
1:48 of 2nd period - Peter Mueller is hit by Colby Armstrong and loses puck.
1:53 of 2nd period - Snap shot by Maxim Lapierre.
1:53 of 2nd period - Stopped by Rick DiPietro with a rebound.
1:55 of 2nd period - Wrist shot by Colby Armstrong.
1:55 of 2nd period - Shot Misses the Net.
1:57 of 2nd period - Snap shot by Sergei Kostitsyn.
1:57 of 2nd period - Stopped by Rick DiPietro without a rebound.
1:58 of 2nd period - Sidney Crosby wins face-off versus Tyler Seguin in Blue Jackets zone.
2:03 of 2nd period - Snap shot by Sidney Crosby.
2:03 of 2nd period - Stopped by Rick DiPietro without a rebound.
2:04 of 2nd period - Tyler Seguin wins face-off versus Sidney Crosby in Blue Jackets zone.
2:15 of 2nd period - Dalton Prout is hit by Derek Boogaard.
2:31 of 2nd period - Dalton Prout is hit by Dion Phaneuf and loses puck.
2:36 of 2nd period - Snap shot by Evgeni Malkin.
2:36 of 2nd period - Stopped by Rick DiPietro without a rebound.
2:37 of 2nd period - Peter Mueller wins face-off versus Evgeni Malkin in Blue Jackets zone.
2:37 of 2nd period - Peter Mueller is hit by Jamie Benn.
3:53 of 2nd period - Minor Penalty to Cody Eakin for Tripping.
3:54 of 2nd period - Sidney Crosby wins face-off versus Tyler Seguin in Blue Jackets zone.
4:00 of 2nd period - Snap shot by Phil Kessel.
4:00 of 2nd period - Goal by Phil Kessel - Blue Jackets : 2 - Senateurs : 1.
4:01 of 2nd period - Tyler Seguin wins face-off versus Sidney Crosby in neutral zone.
4:04 of 2nd period - Sidney Crosby is hit by Mike Lundin and loses puck.
4:29 of 2nd period - Slapshot by Tyler Kennedy.
4:29 of 2nd period - Stopped by Jaroslav Halak with a rebound.
5:37 of 2nd period - Devin Setoguchi is hit by Phil Kessel and loses puck.
6:06 of 2nd period - Snap shot by Sidney Crosby.
6:06 of 2nd period - Shot Hit the Post.
6:08 of 2nd period - Snap shot by Sidney Crosby.
6:08 of 2nd period - Goal by Sidney Crosby - Blue Jackets : 2 - Senateurs : 2.
6:09 of 2nd period - Jamie Benn wins face-off versus Tyler Seguin in neutral zone.
6:21 of 2nd period - Slapshot by Denis Grebeshkov.
6:21 of 2nd period - Shot Blocked by Rob Scuderi.
6:23 of 2nd period - Slapshot by Duncan Keith.
6:23 of 2nd period - Shot Misses the Net.
6:32 of 2nd period - Icing by Dalton Prout.
6:33 of 2nd period - Peter Mueller wins face-off versus Maxim Lapierre in Blue Jackets zone.
7:22 of 2nd period - Ryan Wilson is hit by Arturs Kulda.
7:28 of 2nd period - Wrist shot by Tyler Kennedy.
7:28 of 2nd period - Goal by Tyler Kennedy - Blue Jackets : 3 - Senateurs : 2.
7:29 of 2nd period - Tyler Seguin wins face-off versus Evgeni Malkin in neutral zone.
7:41 of 2nd period - Wrist shot by Tyler Seguin.
7:41 of 2nd period - Shot Misses the Net.
7:55 of 2nd period - Peter Mueller is hit by Cody Franson and loses puck.
8:39 of 2nd period - Devin Setoguchi is hit by Evgeni Malkin and loses puck.
9:00 of 2nd period - Minor Penalty to Brandon Bollig for Goalie Interference.
9:01 of 2nd period - Sidney Crosby wins face-off versus Tyler Seguin in Blue Jackets zone.
9:35 of 2nd period - Rob Scuderi is hit by Evgeni Malkin and loses puck.
11:00 of 2nd period - Penalty to Brandon Bollig is over, Brandon Bollig is back on ice.
11:35 of 2nd period - Icing by Cody Eakin.
11:36 of 2nd period - Maxim Lapierre wins face-off versus Peter Mueller in Blue Jackets zone.
12:05 of 2nd period - Snap shot by Eric Wellwood.
12:05 of 2nd period - Shot Blocked by Nate Prosser.
12:07 of 2nd period - Wrist shot by Pavel Datsyuk.
12:07 of 2nd period - Shot Misses the Net.
12:26 of 2nd period - Minor Penalty to Dalton Prout for Cross-checking.
12:27 of 2nd period - Tyler Seguin wins face-off versus Sidney Crosby in Blue Jackets zone.
12:43 of 2nd period - Slapshot by Artemi Panarin.
12:43 of 2nd period - Stopped by Jaroslav Halak without a rebound.
12:44 of 2nd period - Sidney Crosby wins face-off versus Tyler Seguin in Senateurs zone.
12:46 of 2nd period - Minor Penalty to Phil Kessel for Boarding.
12:47 of 2nd period - Sidney Crosby wins face-off versus Tyler Seguin in Senateurs zone.
12:55 of 2nd period - Snap shot by Tyler Seguin.
12:55 of 2nd period - Stopped by Jaroslav Halak with a rebound.
12:57 of 2nd period - Slapshot by Artemi Panarin.
12:57 of 2nd period - Deflect By Tyler Seguin.
12:57 of 2nd period - Shot Blocked by Cody Franson.
12:57 of 2nd period - Puck is out of play.
12:58 of 2nd period - Sidney Crosby wins face-off versus Artemi Panarin in Senateurs zone.
13:03 of 2nd period - Wrist shot by Tyler Seguin.
13:03 of 2nd period - Shot Misses the Net.
13:05 of 2nd period - Snap shot by Tyler Seguin.
13:05 of 2nd period - Shot Misses the Net.
13:07 of 2nd period - Slapshot by Cam Fowler.
13:07 of 2nd period - Stopped by Jaroslav Halak without a rebound.
13:08 of 2nd period - Tyler Seguin wins face-off versus Sidney Crosby in Senateurs zone.
13:17 of 2nd period - Snap shot by Artemi Panarin.
13:17 of 2nd period - Shot Blocked by Evgeni Malkin.
13:19 of 2nd period - Snap shot by Tyler Seguin.
13:19 of 2nd period - Shot Misses the Net.
13:21 of 2nd period - Snap shot by Artemi Panarin.
13:21 of 2nd period - Stopped by Jaroslav Halak with a rebound.
13:23 of 2nd period - Wrist shot by Tyler Seguin.
13:23 of 2nd period - Deflect By Artemi Panarin.
13:23 of 2nd period - Stopped by Jaroslav Halak with a rebound.
13:25 of 2nd period - Wrist shot by Tyler Seguin.
13:25 of 2nd period - Stopped by Jaroslav Halak without a rebound.
13:26 of 2nd period - Tyler Seguin wins face-off versus Sidney Crosby in Senateurs zone.
13:33 of 2nd period - Snap shot by Tyler Seguin.
13:33 of 2nd period - Stopped by Jaroslav Halak without a rebound.
13:34 of 2nd period - Tyler Seguin wins face-off versus Sidney Crosby in Senateurs zone.
13:36 of 2nd period - Icing by Dion Phaneuf.
13:37 of 2nd period - Sidney Crosby wins face-off versus Tyler Seguin in Senateurs zone.
14:26 of 2nd period - Penalty to Dalton Prout is over, Dalton Prout is back on ice.
14:41 of 2nd period - Slapshot by Peter Mueller.
14:41 of 2nd period - Stopped by Jaroslav Halak without a rebound.
14:42 of 2nd period - Sidney Crosby wins face-off versus Artemi Panarin in Senateurs zone.
14:46 of 2nd period - Penalty to Phil Kessel is over, Phil Kessel is back on ice.
14:57 of 2nd period - Wrist shot by Evgeni Malkin.
14:57 of 2nd period - Stopped by Rick DiPietro without a rebound.
14:58 of 2nd period - Maxim Lapierre wins face-off versus Peter Mueller in Blue Jackets zone.
14:59 of 2nd period - Snap shot by Colby Armstrong.
14:59 of 2nd period - Shot Blocked by Mike Lundin.
15:13 of 2nd period - Wrist shot by Peter Mueller.
15:13 of 2nd period - Shot Blocked by Sergei Kostitsyn.
15:15 of 2nd period - Snap shot by Peter Mueller.
15:15 of 2nd period - Stopped by Jaroslav Halak with a rebound.
15:30 of 2nd period - Slapshot by Artemi Panarin.
15:30 of 2nd period - Stopped by Jaroslav Halak with a rebound.
15:32 of 2nd period - Snap shot by Devin Setoguchi.
15:32 of 2nd period - Stopped by Jaroslav Halak without a rebound.
15:33 of 2nd period - Sidney Crosby wins face-off versus Devin Setoguchi in Senateurs zone.
15:33 of 2nd period - Sidney Crosby is hit by Devin Setoguchi.
15:41 of 2nd period - Wrist shot by Artemi Panarin.
15:41 of 2nd period - Shot Blocked by Duncan Keith.
15:43 of 2nd period - Slapshot by Dalton Prout.
15:43 of 2nd period - Deflect By Tyler Seguin.
15:43 of 2nd period - Shot Blocked by Duncan Keith.
15:43 of 2nd period - Puck is out of play.
15:44 of 2nd period - Tyler Seguin wins face-off versus Sidney Crosby in Senateurs zone.
16:11 of 2nd period - Cody Franson is hit by Mike Lundin and loses puck.
16:42 of 2nd period - Minor Penalty to Dalton Prout for Diving.
16:43 of 2nd period - Sidney Crosby wins face-off versus Tyler Seguin in Blue Jackets zone.
17:00 of 2nd period - Wrist shot by Phil Kessel.
17:00 of 2nd period - Shot Misses the Net.
17:12 of 2nd period - Wrist shot by Marek Svatos.
17:12 of 2nd period - Stopped by Rick DiPietro with a rebound.
17:14 of 2nd period - Snap shot by Marek Svatos.
17:14 of 2nd period - Shot Misses the Net.
17:16 of 2nd period - Wrist shot by Marek Svatos.
17:16 of 2nd period - Deflect By Max Pacioretty.
17:16 of 2nd period - Shot Misses the Net.
17:16 of 2nd period - Puck is out of play.
17:17 of 2nd period - Sidney Crosby wins face-off versus Tyler Seguin in Blue Jackets zone.
18:42 of 2nd period - Penalty to Dalton Prout is over, Dalton Prout is back on ice.
18:56 of 2nd period - Wrist shot by Sergei Kostitsyn.
18:56 of 2nd period - Shot Misses the Net.
19:58 of 2nd period - Icing by Cam Fowler.
19:59 of 2nd period - Cody Eakin wins face-off versus Colby Armstrong in Blue Jackets zone.
Goals for this period are 3 for Blue Jackets vs 2 for Senateurs.
Shots for this period are 17 for Blue Jackets vs 11 for Senateurs.

3rd period


0:01 of 3rd period - Sidney Crosby wins face-off versus Tyler Seguin in neutral zone.
0:12 of 3rd period - Slapshot by Cody Franson.
0:12 of 3rd period - Stopped by Rick DiPietro with a rebound.
0:32 of 3rd period - Slapshot by Evgeni Malkin.
0:32 of 3rd period - Shot Misses the Net.
0:34 of 3rd period - Snap shot by Cody Franson.
0:34 of 3rd period - Shot Blocked by Peter Mueller.
0:38 of 3rd period - Snap shot by Evgeni Malkin.
0:38 of 3rd period - Stopped by Rick DiPietro with a rebound.
0:40 of 3rd period - Slapshot by Cody Franson.
0:40 of 3rd period - Shot Misses the Net.
0:50 of 3rd period - Snap shot by Maxim Lapierre.
0:50 of 3rd period - Stopped by Rick DiPietro with a rebound.
0:52 of 3rd period - Snap shot by Colby Armstrong.
0:52 of 3rd period - Deflect By Maxim Lapierre.
0:52 of 3rd period - Stopped by Rick DiPietro with a rebound.
1:27 of 3rd period - Snap shot by Artemi Panarin.
1:27 of 3rd period - Shot Misses the Net.
2:18 of 3rd period - Tyler Kennedy is hit by Mark Giordano and loses puck.
2:29 of 3rd period - Snap shot by Evgeni Malkin.
2:29 of 3rd period - Stopped by Rick DiPietro with a rebound.
2:45 of 3rd period - Wrist shot by Pavel Datsyuk.
2:45 of 3rd period - Stopped by Jaroslav Halak without a rebound.
2:46 of 3rd period - Sidney Crosby wins face-off versus Tyler Seguin in Senateurs zone.
3:01 of 3rd period - Off-side.
3:02 of 3rd period - Peter Mueller wins face-off versus Evgeni Malkin in neutral zone.
3:05 of 3rd period - Slapshot by Martin Havlat.
3:05 of 3rd period - Shot Hit the Post.
3:31 of 3rd period - Wrist shot by Maxim Lapierre.
3:31 of 3rd period - Stopped by Rick DiPietro without a rebound.
3:32 of 3rd period - Maxim Lapierre wins face-off versus Tyler Seguin in Blue Jackets zone.
3:46 of 3rd period - Dion Phaneuf is hit by Artemi Panarin and loses puck.
3:59 of 3rd period - Dion Phaneuf is hit by Pavel Datsyuk and loses puck.
4:26 of 3rd period - Jamie Benn is hit by Peter Mueller and loses puck.
4:41 of 3rd period - Snap shot by Andreas Nodl.
4:41 of 3rd period - Stopped by Jaroslav Halak without a rebound.
4:42 of 3rd period - Cody Eakin wins face-off versus Sidney Crosby in Senateurs zone.
4:45 of 3rd period - Snap shot by Andreas Nodl.
4:45 of 3rd period - Stopped by Jaroslav Halak with a rebound.
4:50 of 3rd period - Off-side.
4:51 of 3rd period - Tyler Seguin wins face-off versus Sidney Crosby in neutral zone.
4:51 of 3rd period - Minor Penalty to Artemi Panarin for Holding.
4:52 of 3rd period - Tyler Seguin wins face-off versus Sidney Crosby in Blue Jackets zone.
5:40 of 3rd period - Icing by Jamie Benn.
5:41 of 3rd period - Tyler Seguin wins face-off versus Evgeni Malkin in Senateurs zone.
6:51 of 3rd period - Penalty to Artemi Panarin is over, Artemi Panarin is back on ice.
7:02 of 3rd period - Icing by Colby Armstrong.
7:03 of 3rd period - Tyler Seguin wins face-off versus Maxim Lapierre in Senateurs zone.
7:28 of 3rd period - Marek Svatos is hit by Brandon Bollig.
7:53 of 3rd period - Wrist shot by Peter Mueller.
7:53 of 3rd period - Shot Misses the Net.
8:12 of 3rd period - Icing by Artemi Panarin.
8:13 of 3rd period - Tyler Seguin wins face-off versus Marek Svatos in Blue Jackets zone.
8:38 of 3rd period - Wrist shot by Sergei Kostitsyn.
8:38 of 3rd period - Shot Blocked by Cam Fowler.
8:40 of 3rd period - Snap shot by Colby Armstrong.
8:40 of 3rd period - Shot Misses the Net.
8:42 of 3rd period - Slapshot by Sergei Kostitsyn.
8:42 of 3rd period - Shot Blocked by Pavel Datsyuk.
8:44 of 3rd period - Wrist shot by Sergei Kostitsyn.
8:44 of 3rd period - Shot Misses the Net.
8:46 of 3rd period - Slapshot by Cody Franson.
8:46 of 3rd period - Stopped by Rick DiPietro without a rebound.
8:47 of 3rd period - Sidney Crosby wins face-off versus Peter Mueller in Blue Jackets zone.
9:53 of 3rd period - Wrist shot by Cody Eakin.
9:53 of 3rd period - Shot Blocked by Maxim Lapierre.
10:13 of 3rd period - Slapshot by Sidney Crosby.
10:13 of 3rd period - Goal by Sidney Crosby - Blue Jackets : 3 - Senateurs : 3.
10:14 of 3rd period - Sidney Crosby wins face-off versus Tyler Seguin in neutral zone.
10:23 of 3rd period - Slapshot by Phil Kessel.
10:23 of 3rd period - Shot Blocked by Devin Setoguchi.
10:25 of 3rd period - Slapshot by Dion Phaneuf.
10:25 of 3rd period - Stopped by Rick DiPietro without a rebound.
10:26 of 3rd period - Tyler Seguin wins face-off versus Sidney Crosby in Blue Jackets zone.
10:33 of 3rd period - Slapshot by Mike Lundin.
10:33 of 3rd period - Deflect By Artemi Panarin.
10:33 of 3rd period - Stopped by Jaroslav Halak with a rebound.
10:39 of 3rd period - Slapshot by Cody Franson.
10:39 of 3rd period - Shot Blocked by Mike Lundin.
11:43 of 3rd period - Phil Kessel is hit by Devin Setoguchi and loses puck.
12:00 of 3rd period - Max Pacioretty is hit by Evgeni Malkin and loses puck.
12:26 of 3rd period - Slapshot by Sergei Kostitsyn.
12:26 of 3rd period - Stopped by Rick DiPietro with a rebound.
13:16 of 3rd period - Snap shot by Brandon Bollig.
13:16 of 3rd period - Shot Blocked by Dion Phaneuf.
13:35 of 3rd period - Wrist shot by Sergei Kostitsyn.
13:35 of 3rd period - Shot Misses the Net.
13:37 of 3rd period - Slapshot by Denis Grebeshkov.
13:37 of 3rd period - Stopped by Rick DiPietro with a rebound.
13:39 of 3rd period - Slapshot by Denis Grebeshkov.
13:39 of 3rd period - Stopped by Rick DiPietro with a rebound.
13:41 of 3rd period - Wrist shot by Colby Armstrong.
13:41 of 3rd period - Goal by Colby Armstrong - Blue Jackets : 3 - Senateurs : 4.
13:42 of 3rd period - Evgeni Malkin wins face-off versus Tyler Seguin in neutral zone.
13:55 of 3rd period - Backhand shot by Tyler Seguin.
13:55 of 3rd period - Stopped by Jaroslav Halak without a rebound.
13:56 of 3rd period - Sidney Crosby wins face-off versus Tyler Seguin in Senateurs zone.
13:56 of 3rd period - Sidney Crosby is hit by Cam Fowler.
14:05 of 3rd period - Minor Penalty to Sidney Crosby for High sticking.
14:06 of 3rd period - Tyler Seguin wins face-off versus Sergei Kostitsyn in Senateurs zone.
14:08 of 3rd period - Slapshot by Tyler Seguin.
14:08 of 3rd period - Stopped by Jaroslav Halak with a rebound.
14:10 of 3rd period - Wrist shot by Artemi Panarin.
14:10 of 3rd period - Shot Blocked by Cody Franson.
14:18 of 3rd period - Snap shot by Artemi Panarin.
14:18 of 3rd period - Shot Misses the Net.
14:38 of 3rd period - Snap shot by Martin Havlat.
14:38 of 3rd period - Shot Misses the Net.
14:40 of 3rd period - Wrist shot by Max Pacioretty.
14:40 of 3rd period - Goal by Max Pacioretty - Blue Jackets : 4 - Senateurs : 4.
14:41 of 3rd period - Sidney Crosby wins face-off versus Tyler Seguin in neutral zone.
14:56 of 3rd period - Minor Penalty to Derek Boogaard for Hooking.
14:57 of 3rd period - Devin Setoguchi wins face-off versus Sidney Crosby in Senateurs zone.
15:01 of 3rd period - Snap shot by Artemi Panarin.
15:01 of 3rd period - Goal by Artemi Panarin - Blue Jackets : 5 - Senateurs : 4.
15:02 of 3rd period - Derek Boogaard wins face-off versus Pavel Datsyuk in neutral zone.
15:04 of 3rd period - Dion Phaneuf is hit by Cam Fowler and loses puck.
15:17 of 3rd period - Slapshot by Phil Kessel.
15:17 of 3rd period - Stopped by Rick DiPietro without a rebound.
15:18 of 3rd period - Evgeni Malkin wins face-off versus Tyler Seguin in Blue Jackets zone.
16:18 of 3rd period - Slapshot by Maxim Lapierre.
16:18 of 3rd period - Shot Misses the Net.
17:09 of 3rd period - Snap shot by Pavel Datsyuk.
17:09 of 3rd period - Stopped by Jaroslav Halak without a rebound.
17:10 of 3rd period - Tyler Seguin wins face-off versus Maxim Lapierre in Senateurs zone.
17:22 of 3rd period - Off-side.
17:23 of 3rd period - Pavel Datsyuk wins face-off versus Sidney Crosby in neutral zone.
17:28 of 3rd period - Snap shot by Pavel Datsyuk.
17:28 of 3rd period - Shot Misses the Net.
17:38 of 3rd period - Slapshot by Sidney Crosby.
17:38 of 3rd period - Goal by Sidney Crosby - Blue Jackets : 5 - Senateurs : 5.
17:39 of 3rd period - Sidney Crosby wins face-off versus Pavel Datsyuk in neutral zone.
17:42 of 3rd period - Pavel Datsyuk is hit by Brian McGrattan and loses puck.
18:11 of 3rd period - Snap shot by Colby Armstrong.
18:11 of 3rd period - Stopped by Rick DiPietro with a rebound.
18:13 of 3rd period - Wrist shot by Cody Franson.
18:13 of 3rd period - Stopped by Rick DiPietro with a rebound.
18:15 of 3rd period - Snap shot by Colby Armstrong.
18:15 of 3rd period - Shot Blocked by Rob Scuderi.
18:27 of 3rd period - Snap shot by Evgeni Malkin.
18:27 of 3rd period - Shot Misses the Net.
19:13 of 3rd period - Snap shot by Artemi Panarin.
19:13 of 3rd period - Shot Misses the Net.
19:24 of 3rd period - Slapshot by Dalton Prout.
19:24 of 3rd period - Shot Misses the Net.
19:26 of 3rd period - Backhand shot by Dalton Prout.
19:26 of 3rd period - Goal by Dalton Prout - Blue Jackets : 6 - Senateurs : 5.
19:27 of 3rd period - Pavel Datsyuk wins face-off versus Sidney Crosby in neutral zone.
19:40 of 3rd period - Off-side.
19:41 of 3rd period - Mike Yeo call a timeout for Senateurs.
19:41 of 3rd period - Pavel Datsyuk wins face-off versus Sidney Crosby in neutral zone.
Goals for this period are 3 for Blue Jackets vs 3 for Senateurs.
Shots for this period are 10 for Blue Jackets vs 17 for Senateurs.